 Dungeon Crawl Stone Soup version 0.18-a0-1435-gee79d65 (webtiles) character file.

263 Kidiri the Magician (level 5, -1/29 HPs)
             Began as a Deep Elf Fire Elementalist on Feb 28, 2016.
             Was an Initiate of Vehumet.
             Slain by a giant frog (5 damage)
             ... on level 4 of the Dungeon.
             The game lasted 00:14:59 (4432 turns).

Kidiri the Magician (Deep Elf Fire Elementalist)    Turns: 4432, Time: 00:14:59

Health: -1/29      AC:  4    Str:  5    XL:     5   Next: 98%
Magic:  0/14       EV: 13    Int: 21    God:    Vehumet [......]
Gold:   108        SH:  3    Dex: 15    Spells: 5 memorised, 0 levels left

rFire  . . .     SeeInvis +     o - +4 short sword (speed)
rCold  . . .     Gourm    .     a - +0 robe
rNeg   . . .     Faith    .     (no shield)
rPois  .         Spirit   .     r - +2 hat
rElec  .         Dismiss  .     (no cloak)
rCorr  .         Reflect  +     (no gloves)
SustAt +         Harm     .     (no boots)
MR     .....                    u - +3 amulet of reflection
Stlth  ++........               s - ring of sustain attributes
                                k - ring of see invisible

@: hasted, very quick, not resistant to hostile enchantments, unstealthy
A: no striking features
a: Renounce Religion


You were on level 4 of the Dungeon.
You worshipped Vehumet.
Vehumet was noncommittal.
You were not hungry.

You visited 1 branch of the dungeon, and saw 4 of its levels.

You collected 108 gold pieces.

Inventory:

Hand Weapons
 o - a +4 short sword of speed (weapon)
Armour
 a - a +0 robe (worn)
 m - a +0 helmet
 r - a +2 hat (worn)
Jewellery
 k - a ring of see invisible (left hand)
 s - a ring of sustain attributes (right hand)
 u - a +3 amulet of reflection (around neck)
Scrolls
 f - a scroll of magic mapping {unknown}
 j - a scroll of remove curse {unknown}
 l - a scroll of teleportation {unknown}
Potions
 d - 2 potions of invisibility {unknown}
 e - 3 potions of haste
 h - 2 potions of degeneration {unknown}
 n - 2 potions of flight {unknown}
 p - 3 potions of heal wounds {unknown}
 q - a potion of berserk rage
 t - a potion of brilliance {unknown}
Books
 b - a book of Flames

   Spells                             Type                      Level
   a - Flame Tongue                   Conjuration/Fire             1
   b - Throw Flame                    Conjuration/Fire             2
   c - Conjure Flame                  Conjuration/Fire             3
   d - Inner Flame                    Hexes/Fire                   3
   e - Sticky Flame                   Conjuration/Fire             4
   f - Fireball                       Conjuration/Fire             5
Comestibles
 c - 3 bread rations
 i - 3 beef jerkies


   Skills:
 + Level 1.5 Fighting
 + Level 3.3 Dodging
 + Level 3.4 Stealth
 * Level 4.8 Spellcasting
 + Level 2.6 Conjurations
 + Level 2.0 Hexes
 + Level 4.1 Fire Magic


You couldn't memorise any spells.
You knew the following spells:

 Your Spells              Type           Power        Failure   Level  Hunger
a - Flame Tongue          Conj/Fire      ###..        2%          1    None
b - Throw Flame           Conj/Fire      ###...       4%          2    None
c - Conjure Flame         Conj/Fire      ###.....     10%         3    ##.....
d - Inner Flame           Hex/Fire       ###.....     12%         3    ##.....
e - Sticky Flame          Conj/Fire      ###.....     28%         4    ####...


Dungeon Overview and Level Annotations

Branches:
Dungeon (4/15)             Temple (0/1) D:4

Altars:
Vehumet
The Shining One


Message History

Aim: a giant frog (lightly wounded)
The flame tongue hits the giant frog.
The giant frog is severely wounded.
The giant frog barely misses you. The giant frog hits you!
* * * LOW HITPOINT WARNING * * *
Unknown command.
The giant frog hits you.
* * * LOW HITPOINT WARNING * * *
Drink which item? (? for menu, Esc to quit)
Okay, then.
Unknown command.
Unknown command.
Unknown command.
Read which item? (? for menu, Esc to quit)
Okay, then.
Unknown command.
Unknown command.
Drink which item? (? for menu, Esc to quit)
You feel yourself speed up. The giant frog hits you.
You die...

#.................%....
...#....................
.####...................
## ##.#.....%..........
# #.##...............
######..................
......####..............
####..# #..............
.# ##.# #.....F@.......
.####.####..###....>....
.......##...###.........
...............###.####.
.##..###......## .#
.##.. ##....## #. #.#
###.## .# .# #.# #. ##
#.#


You could see a giant frog.

Vanquished Creatures
  A scorpion (D:4)
  An orc priest (D:4)
  Natasha (D:4)
  5 adders
  An ooze (D:3)
  A worm (D:2)
  2 dart slugs (D:2)
  4 giant geckos
  9 orcs
  8 bats
  3 giant cockroaches
  8 goblins
  12 hobgoblins
  6 jackals
  3 ball pythons
  14 giant newts
  11 kobolds
  8 rats
98 creatures vanquished.

Notes
Turn   | Place    | Note
--------------------------------------------------------------
     0 | D:1      | Kidiri the Deep Elf Fire Elementalist began the quest for the Orb.
     0 | D:1      | Reached XP level 1. HP: 10/10 MP: 6/6
   295 | D:1      | Reached XP level 2. HP: 15/15 MP: 6/8
   299 | D:1      | Learned a level 2 spell: Throw Flame
  1253 | D:2      | Reached XP level 3. HP: 20/20 MP: 4/9
  1258 | D:2      | Learned a level 3 spell: Inner Flame
  1364 | D:2      | Learned a level 3 spell: Conjure Flame
  1512 | D:2      | Reached skill level 1 in Fighting
  1729 | D:2      | Reached XP level 4. HP: 25/25 MP: 8/11
  2310 | D:2      | Reached skill level 1 in Hexes
  3074 | D:3      | Found a glowing golden altar of the Shining One.
  3095 | D:3      | Reached XP level 5. HP: 29/29 MP: 0/13
  3701 | D:3      | Found a radiant altar of Vehumet.
  3779 | D:3      | Became a worshipper of Vehumet
  3981 | D:4      | Noticed Natasha
  3985 | D:4      | Killed Natasha
  4057 | D:4      | Found a staircase to the Ecumenical Temple.
  4369 | D:4      | Learned a level 4 spell: Sticky Flame
  4432 | D:4      | Slain by a giant frog

Vault maps used:
D:1:      dpeg_arrival_boxes_within_box
D:2:      minmay_lizard_king
D:3:      vehumet_crystals, nicolae_overflow_crystal_walls, first_bread
D:4:      grunt_temple_overflow_forces_of_nature, tgw_sif,
          lemuel_coloured_pillars_altar, uniq_natasha, uniq_sigmund

Skill      XL: |  1  2  3  4  5 |
---------------+----------------+-----
Fighting       | 1 |  1.5
Conjurations   | 2 |  2.6
Stealth        | 3 |  3.4
Spellcasting   | 4 |  4.8
Hexes          | 1 2 |  2.0
Dodging        | 3 |  3.3
Fire Magic     | 4 |  4.1

Action                   |  1- 3 |  4- 6 || total
-------------------------+-------+-------++-------
Melee: Short sword       |     5 |    27 ||    32
 Cast: Flame Tongue      |    45 |    67 ||   112
       Throw Flame       |    26 |    29 ||    55
       Inner Flame       |       |     2 ||     2
       Conjure Flame     |       |     2 ||     2
  Use: Scroll            |       |     8 ||     8
       Potion            |       |     2 ||     2
 Stab: Sleeping          |     1 |     2 ||     3
  Eat: Chunk             |     3 |     7 ||    10
       Meat ration       |       |     1 ||     1
